 Dungeon Crawl Stone Soup version 0.28.0 (webtiles) character file.

Game seed: 3910067629003993061

81 fragbeetle the Cutter (level 4, 0/25 HPs)
             Began as a Kobold Arcane Marksman on Feb 13, 2022.
             Was an Initiate of Okawaru.
             Slain by Natasha (4 damage)
             ... on level 3 of the Dungeon.
             The game lasted 00:05:37 (2767 turns).

fragbeetle the Cutter (Kobold Arcane Marksman)      Turns: 2767, Time: 00:05:38

Health: 0/25       AC:  2    Str:  9    XL:     4   Next: 67%
Magic:  5/5        EV: 15    Int: 14    God:    Okawaru [......]
Gold:   60         SH:  0    Dex: 15    Spells: 1/5 levels left

rFire   . . .      SeeInvis .   a - +0 hand crossbow
rCold   . . .      Faith    .   (no shield)
rNeg    . . .      Spirit   .   d - +0 robe
rPois   .          Reflect  .   (no helmet)
rElec   .          Harm     .   (no cloak)
rCorr   .          Rampage  .   (no gloves)
Will    .....                   (no boots)
Stlth   ++........              m - amulet of regeneration
HPRegen 0.88/turn               (no ring)
MPRegen 0.09/turn               (no ring)

@: slowed, very slow
A: small, no large weapons, nightstalker 3
a: Renounce Religion


You were on level 3 of the Dungeon.
You worshipped Okawaru.
Okawaru was noncommittal.
You visited 1 branch of the dungeon, and saw 3 of its levels.

You collected 60 gold pieces.

Inventory:

Hand Weapons
 a - a +0 hand crossbow (weapon)
 b - a +0 short sword
 h - a +0 mace
 k - a +0 dagger
Missiles
 c - 33 bolts (quivered ammo)
Armour
 d - a +0 robe (worn)
 t - a +0 chain mail
Jewellery
 m - an amulet of regeneration (around neck)
 n - a ring of ice
Wands
 o - a wand of mindburst (17)
Scrolls
 g - 3 scrolls of identify {unknown}
 l - a scroll of teleportation {unknown}
 p - a scroll of vulnerability {unknown}
 r - a scroll of magic mapping {unknown}
 s - a scroll of enchant weapon {unknown}
Potions
 e - a potion of magic {unknown}
 f - a potion of cancellation {unknown}
 i - a potion of curing {unknown}
 j - a potion of heal wounds {unknown}
 q - 2 potions of lignification {unknown}


   Skills:
 - Level 1.1 Fighting
 + Level 4.3 Short Blades
 - Level 3.5 Crossbows
 - Level 2.4 Dodging
 - Level 1.1 Spellcasting
 - Level 3.0 Hexes


You had one spell level left.
You knew the following spells:

 Your Spells              Type           Power      Damage    Failure   Level
a - Slow                  Hex            36%        N/A       8%          1
b - Portal Projectile     Hex/Tloc       8%         N/A       38%         3

Your spell library contained the following spells:

 Spells                   Type           Power      Damage    Failure   Level
 Inner Flame              Hex/Fire       4%         N/A       38%         3
 Cause Fear               Hex            4%         N/A       58%         4


Dungeon Overview and Level Annotations

Branches:
Dungeon (3/15)

Altars:
Okawaru

Shops:
D:2 [

Annotations:
D:3 Natasha


Innate Abilities, Weirdness & Mutations

You are small and have problems with some larger weapons.
You are completely attuned to the shadows.


Message History

As you open the door, it creaks loudly!
You hear an angry hiss.
Natasha, Servant of Life and Death comes into view.
a - a +0 hand crossbow (weapon)
You shoot a bolt. The bolt hits Natasha!
Natasha hisses angrily.
Natasha is severely wounded.
Natasha casts a spell at you.
You feel yourself slow down.
Natasha mumbles some strange words.
You shoot a bolt. The bolt hits Natasha.
Natasha is almost dead.
You shoot a bolt. The bolt hits Natasha.
Natasha is almost dead.
Natasha claws you. The white imp closely misses you.
You shoot a bolt. The bolt barely misses Natasha.
Natasha closely misses you. The white imp gestures at you.
The puff of frost misses you. Natasha closely misses you.
The white imp gestures at you. The puff of frost hits you.
You shoot a bolt.
The bolt hits Natasha but does no damage.
Natasha is almost dead.
Natasha casts a spell at you. You resist with some effort.
The white imp closely misses you. Natasha claws you. The white imp misses you.
You shoot a bolt. The bolt barely misses Natasha.
Natasha casts a spell at you. The magic dart hits you!
The white imp summons a swarm of flies.
The white imp misses you. Natasha claws you. The white imp gestures at you.
The puff of frost hits you!
* * * LOW HITPOINT WARNING * * *
Fire: 34 bolts
Press: ? - help, Q - select action, (/) - cycle Shift-Dir - straight line, f/p - Natasha
Aim: Natasha (almost dead, 56% to hit)
You shoot a bolt. The bolt barely misses Natasha.
Natasha stares at you and mumbles some strange words.
You resist with some effort. The white imp misses you. Natasha claws you.
You die...

..((....
##......#
....(....
...5h..#
....@..#
.......#
.......##
........#
........#
........#
........#
#####...#
####...#######


You could see Natasha and a white imp (summoned).

Vanquished Creatures
  2 adders (D:2)
  4 worms (D:2)
  4 dart slugs (D:2)
  2 ball pythons (D:2)
  3 endoplasms (D:2)
  A giant cockroach (D:3)
  A goblin (D:1)
  7 hobgoblins
  4 kobolds
  A bat (D:2)
  3 frilled lizards (D:1)
  16 rats
48 creatures vanquished.

Notes
Turn   | Place    | Note
-------+----------+-------------------------------------------
     0 | D:1      | fragbeetle the Kobold Arcane Marksman began the quest for
                  | the Orb.
     0 | D:1      | Reached XP level 1. HP: 12/12 MP: 2/2
   357 | D:1      | Reached XP level 2. HP: 12/16 MP: 3/3
   721 | D:1      | Found a faded altar of an unknown god.
  1199 | D:2      | Reached skill level 1 in Short Blades
  1282 | D:2      | Reached XP level 3. HP: 14/20 MP: 4/4
  1428 | D:2      | Reached skill level 2 in Short Blades
  1869 | D:2      | Found Etybess's Armour Emporium.
  2015 | D:2      | Reached skill level 3 in Short Blades
  2015 | D:2      | Reached XP level 4. HP: 12/25 MP: 5/5
  2125 | D:2      | Found an iron altar of Okawaru.
  2158 | D:2      | Became a worshipper of Warmaster Okawaru
  2170 | D:2      | Reached skill level 4 in Short Blades
  2437 | D:2      | Learned a level 3 spell: Portal Projectile
  2759 | D:3      | Noticed Natasha
  2767 | D:3      | Slain by Natasha

Illustrated notes

Levels and vault maps discovered:
D:1:      scummos_arrival_checkerplants, layout_loops_ring,
          basic_ecumenical_altar, glass_columns_c, dk_noncrumbling_4,
          minmay_door_square, item_on_display_a
D:2:      layout_loops_ring, serial_shops, nicolae_shop_behind_doors,
          basic_altar, minmay_misc_feat_four_crosses, minmay_rat_gold_closets
D:3:      layout_basic, lemuel_round_altar, minmay_misc_feat_square,
          roderic_lattice_a, uniq_natasha

Skill      XL: |  1  2  3  4 |
---------------+-------------+-----
Crossbows      | 3 |  3.5
Short Blades   | 1 3 4 |  4.3
Fighting       | |  1.1
Dodging        | |  2.4
Spellcasting   | |  1.1
Hexes          | |  3.0

Action                   |  1- 3 |  4- 6 || total
-------------------------+-------+-------++-------
Melee: Mace              |     9 |       ||     9
       Short sword       |    76 |    33 ||   109
       Dagger            |    26 |       ||    26
       Punch             |     3 |     1 ||     4
 Fire: Hand crossbow     |    32 |    25 ||    57
 Stab: Sleeping          |     9 |     5 ||    14
Armor: Robe              |    13 |     3 ||    16
Dodge: Dodged            |    83 |    28 ||   111
